 Dungeon Crawl Stone Soup version 0.30-a0-330-g8f2769a82d (webtiles) character file.

Game seed: 17021449128986603533

32715 Devinter the Hand of Fortune (level 13, -3/83 (98) HPs)
             Began as a Demonspawn Reaver on Oct 29, 2022.
             Was the Champion of Nemelex Xobeh.
             Slain by Rupert
             ... wielding a +4 great mace of draining
              (6 damage)
             ... on level 4 of the Lair of Beasts.
             The game lasted 01:59:11 (16128 turns).

Devinter the Hand of Fortune (Demonspawn Reaver)   Turns: 16128, Time: 01:59:12

HP:   -3/83 (98)    AC: 11    Str: 17    XL:     13   Next: 32%
MP:   18/25         EV: 12    Int: 15    God:    Nemelex Xobeh [******]
Gold: 1207          SH:  5    Dex: 14    Spells: 7/28 levels left

rFire   . . .      SeeInvis .    P - +3 scimitar (flame)
rCold   . . .      Faith    .    h - +0 buckler
rNeg    . . .      Spirit   .    y - +3 leather armour {rPois}
rPois   +          Reflect  .    (no helmet)
rElec   .          Harm     .    (cloak unavailable)
rCorr   .          Rampage  .    e - +0 pair of gloves
Will    .....                    H - +2 pair of boots
Stlth   +.........               g - amulet of the acrobat
HPRegen 0.33/turn                b - ring of wizardry
MPRegen 0.19/turn                Z - +4 ring of slaying

@: freezing walls, heavily drained
A: spiny 2, sturdy frame 2, demonic magic 1, weakness stinger 3, hooves 1,
strong 1
a: Renounce Religion, Draw Escape, Draw Destruction, Draw Summoning, Triple
Draw, Deal Four, Stack Five


You were on level 4 of the Lair of Beasts.
You worshipped Nemelex Xobeh.
Nemelex Xobeh was exalted by your worship.
You visited 2 branches of the dungeon, and saw 17 of its levels.
You also visited: Bailey.

You collected 1207 gold pieces.

Inventory:

Hand Weapons
 J - the +3 hand axe of Symmetry {vorpal, Str+7}
   (You took it off an orc on level 5 of the Dungeon)

   It inflicts extra damage upon your enemies.
   Str:       It affects your strength (+7).
 P - a +3 scimitar of flaming (weapon)
Missiles
 l - a boomerang of dispersal
 o - 37 poisoned darts (quivered)
 r - 16 atropa-tipped darts
 v - 4 javelins
 A - 5 curare-tipped darts
 C - 4 throwing nets
 F - 15 boomerangs
 R - a silver boomerang
Armour
 a - a +0 crystal plate armour
 e - a +0 pair of gloves (worn)
 f - a +2 ring mail of fire resistance
 h - a +0 buckler (worn)
 m - a +2 robe of willpower
 y - a +3 leather armour of poison resistance (worn)
 z - a +1 leather armour of positive energy
 H - a +2 pair of boots (worn)
 X - the +6 chain mail of Tewnimp {+Inv Slay+3 Stlth-}
   (You found it on level 2 of the Lair of Beasts)

   Slay:      It affects your accuracy & damage with ranged weapons and melee
   (+3).
   +Inv:      It lets you turn invisible.
   Stlth:     It makes you less stealthy.
Jewellery
 b - a ring of wizardry (left hand)
 g - an amulet of the acrobat (around neck)
 x - a ring of protection from fire
 O - a +6 ring of strength
 T - a +4 ring of protection
 Z - a +4 ring of slaying (right hand)
Wands
 w - a wand of flame (8)
 K - a wand of light (7)
 Y - a wand of iceblast (6)
Scrolls
 k - 11 scrolls of teleportation
 n - a scroll of summoning
 p - 2 scrolls of brand weapon
 q - 4 scrolls of amnesia
 s - 3 scrolls of fog
 t - 4 scrolls of enchant armour
 B - 2 scrolls of fear
 I - a scroll of vulnerability
 L - 4 scrolls of immolation
 Q - a scroll of magic mapping
 S - a scroll of blinking
Potions
 c - 3 potions of haste
 d - a potion of cancellation
 i - 5 potions of might
 j - 10 potions of curing
 u - 3 potions of brilliance
 D - a potion of mutation
 E - 2 potions of flight
 M - a potion of heal wounds
 N - a potion of lignification
 U - 4 potions of berserk rage
 V - a potion of resistance
Miscellaneous
 G - a condenser vane
 W - a phantom mirror


   Skills:
 + Level 8.2 Fighting
 - Level 10.0 Long Blades
 + Level 7.7 Armour
 - Level 2.0 Dodging
 - Level 5.0 Shields
 - Level 8.0 Spellcasting
 - Level 8.0 Conjurations
 - Level 2.0 Necromancy
 - Level 4.0 Translocations
 - Level 2.0 Fire Magic
 - Level 4.0 Ice Magic
 - Level 2.0 Air Magic
 - Level 12.0 Invocations


You had 7 spell levels left.
You knew the following spells:

 Your Spells              Type           Power      Damage    Failure   Level
a - Kiss of Death         Conj/Necr      84%        2d11      1%          1
b - Shock                 Conj/Air       84%        1d8       1%          1
c - Momentum Strike       Conj/Tloc      48%        3d9       1%          2
d - Hailstorm             Conj/Ice       24%        3d7       1%          3
e - Frozen Ramparts       Ice            36%        1d6       3%          3
f - Swiftness             Air            12%        N/A       9%          3
g - Manifold Assault      Tloc           18%        N/A       12%         4
h - Sticky Flame          Conj/Fire      21%        2d4       8%          4

Your spell library contained the following spells:

 Spells                   Type           Power      Damage    Failure   Level
 Freeze                   Ice            72%        1d8       1%          1
 Slow                     Hex            24%        N/A       6%          1
 Flame Wave               Conj/Fire      21%        2d8       8%          4
 Vampiric Draining        Necr           12%        2d6       9%          3
 Inner Flame              Hex/Fire       9%         N/A       12%         3
 Confusing Touch          Hex            6%         N/A       17%         3
 Airstrike                Air            6%         2d(1-17)  26%         4
 Olgreb's Toxic Radiance  Pois           6%         N/A       50%         4
 Dispersal                Tloc           9%         N/A       85%         6
 Ozocubu's Refrigeration  Ice            9%         4d9       100%        7
 Disjunction              Tloc           9%         N/A       100%        8
 Ignition                 Fire           6%         3d4       100%        8


Dungeon Overview and Level Annotations

Branches:
Dungeon (13/15)            Temple (0/1) D:5            Lair (4/5) D:8
  Swamp (0/4) Lair:2       Spider (0/4) Lair:2          Orc (0/2) D:11
 Bailey (visited)
  Slime: Lair:4-5    Vaults: D:13-14

Altars:
Nemelex Xobeh
Ru

Shops:
D:10 (

Annotations:
Lair:4 Rupert


Innate Abilities, Weirdness & Mutations

You are mostly covered in sharp spines.
Your movements are less encumbered by armour. (ER -4)
Spells you cast may paralyse adjacent enemies.
You have a sharp stinger which inflicts weakening toxins.
You have large cloven feet.
Your muscles are strong. (Str +4, Int/Dex -1)


Message History

Aiming: Sticky Flame (dangerous; 8% risk of failure)
Press: ? - help, Shift-Dir - straight line, f - Rupert
Aim: Rupert, wielding a +4 great mace of draining and wearing a +3 leather armour of fire resistance (lightly wounded, berserk)
The sticky flame hits Rupert.
Rupert resists.
Rupert is lightly wounded.
Rupert is covered in liquid flames!
Malevolent energies surge around you.
Rupert burns!
The wall freezes Rupert but does no damage.
Rupert is struck by your spines.
Rupert hits you with a +4 great mace of draining!!!
You feel drained.
You draw a card...
You have drawn the Orb.
Press: ? - help, Shift-Dir - straight line, f/p - Rupert
Aim: Rupert, wielding a +4 great mace of draining and wearing a +3 leather armour of fire resistance (lightly wounded, berserk, covered in liquid flames)
Your orb of destruction hits a rock wall. x2
Rupert burns!
The wall freezes Rupert but does no damage.
Rupert barely misses you.
The wall freezes Rupert but does no damage.
Rupert is struck by your spines.
Rupert hits you with a +4 great mace of draining!
* * * LOW HITPOINT WARNING * * *
You feel drained.
* * * LOW HITPOINT WARNING * * *
You draw a card...
You have drawn Pain.
Press: ? - help, Shift-Dir - straight line, f/p - Rupert
Aim: Rupert, wielding a +4 great mace of draining and wearing a +3 leather armour of fire resistance (moderately wounded, berserk, covered in liquid flames, ally target)
Okay, then.
Really abort (and waste the card)?
Aiming: Pain
Press: ? - help, Shift-Dir - straight line, f/p - Rupert
Aim: Rupert, wielding a +4 great mace of draining and wearing a +3 leather armour of fire resistance (moderately wounded, berserk, covered in liquid flames, ally target) Rupert convulses!
Rupert burns!
The wall freezes Rupert.
Rupert hits you with a +4 great mace of draining!!
* * * LOW HITPOINT WARNING * * *
You feel drained.
You die...
Your body disappears without a glow.

#.......#. ......
##......... ##....^
.##........#. #......
.........##. #.....
#.......##. ##.....
##......##. #......
#........#.
.P....@#######..........
.......@°☼○*.......PP...
#.#####.#####.######..#.
##. ### #P### ## ###


You could see Rupert (berserk, burning, ally target).

Vanquished Creatures
  2 vault guards (Bailey)
  4 hydras
  A catoblepas (Lair:4)
  A two-headed ogre (D:10)
  The ghost of flinch the Skirmisher, a novice TeHu of Zin (D:10)
  A necromancer (Lair:3)
  A deep elf pyromancer (D:13)
  A manticore (D:13)
  Maurice (D:10)
  7 elephants
  4 black mambas
  A gargoyle (D:10)
  Maggie (D:7)
  2 cane toads
  An unseen horror (D:12)
  3 rime drakes (Lair:3)
  An efreet (D:12)
  7 komodo dragons
  A hornet (D:9)
  3 trolls
  4 slime creatures (D:12)
  Prince Ribbit (Bailey)
  Sigmund (D:2)
  45 yaks
  4 wyverns
  Eustachio (D:4)
  2 basilisks
  A fire bat (D:11)
  5 humans (Bailey)
  2 steam dragons
  2 vampire mosquitoes (D:11)
  5 swamp worms (Lair:2)
  An acid dragon (D:12)
  Edmund (D:4)
  Duvessa (D:5)
  8 water moccasins
  5 orc warriors
  An ice beast (D:5)
  3 black bears
  2 ogres
  9 wolves
  A centaur (D:5)
  A phantom (D:5)
  3 kobold brigands
  26 bullfrogs
  A gnoll sergeant (D:7)
  4 scorpions
  4 necrophages
  4 wights (D:8)
  Dowan (D:5)
  9 killer bees
  5 howler monkeys
  An electric eel (Lair:1)
  3 hounds
  2 jellies (D:6)
  8 orc priests
  3 iguanas
  11 orc wizards
  A yak simulacrum (Lair:3)
  4 polar bear simulacra (Lair:3)
  3 wolf simulacra (Lair:3)
  4 adders
  12 gnolls
  A shadow imp (D:6)
  2 white imps
  2 ufetubi
  4 worms
  A dart slug (D:2)
  45 orcs
  3 ball pythons
  5 bats
  6 endoplasms
  5 giant cockroaches
  3 goblins
  6 hobgoblins
  4 jackals (D:3)
  17 kobolds
  4 quokkas
  3 training dummies (D:10)
  3 frilled lizards
  3 rats
  3 river rat simulacra (Lair:3)
379 creatures vanquished.

Vanquished Creatures (collateral kills)
  Pikel (D:9)
  4 lemures (D:9)
  A kobold brigand (D:9)
  6 kobolds (D:9)
12 creatures vanquished.

Vanquished Creatures (others)
  A two-headed ogre (D:8)
  A scorpion (D:5)
  67 fungi
  53 plants
122 creatures vanquished.

Grand Total: 513 creatures vanquished

Notes
Turn   | Place    | Note
-------+----------+-------------------------------------------
     0 | D:1      | Devinter the Demonspawn Reaver began the quest for the Orb.
     0 | D:1      | Reached XP level 1. HP: 16/16 MP: 3/3
    48 | D:1      | Reached skill level 2 in Dodging
   186 | D:1      | Reached skill level 3 in Long Blades
   189 | D:1      | Gained mutation: You are partially covered in sharp spines.
                  | [demonic ancestry]
   189 | D:1      | Reached XP level 2. HP: 14/22 MP: 5/5
   192 | D:1      | Learned a level 2 spell: Momentum Strike
   510 | D:2      | Reached skill level 1 in Necromancy
   519 | D:2      | Found a faded altar of an unknown god.
   606 | D:2      | Noticed Sigmund
   733 | D:2      | Gained mutation: You have a small tail. [demonic ancestry]
   733 | D:2      | Reached XP level 3. HP: 27/27 MP: 6/6
   871 | D:2      | Found a sparkling altar of Nemelex Xobeh.
   896 | D:2      | Killed Sigmund
   897 | D:2      | Reached skill level 1 in Shields
   897 | D:2      | Reached skill level 2 in Necromancy
   897 | D:2      | Reached skill level 1 in Translocations
   897 | D:2      | Reached XP level 4. HP: 22/33 MP: 6/8
   897 | D:2      | Gained mutation: Your movements are slightly less
                  | encumbered by armour. (ER -2) [demonic ancestry]
   897 | D:2      | Reached XP level 5. HP: 26/38 MP: 6/9
   906 | D:2      | Became a worshipper of Nemelex Xobeh the Trickster
  1028 | D:2      | Reached skill level 3 in Spellcasting
  1430 | D:3      | Reached skill level 2 in Shields
  1430 | D:3      | Reached skill level 2 in Translocations
  1430 | D:3      | Reached skill level 1 in Invocations
  1486 | D:3      | Reached * piety under Nemelex Xobeh
  1521 | D:3      | Gained mutation: Spells you cast may paralyse adjacent
                  | enemies. [demonic ancestry]
  1521 | D:3      | Reached XP level 6. HP: 37/44 MP: 10/10
  1695 | D:4      | Learned a level 1 spell: Shock
  1719 | D:4      | Noticed Eustachio
  1740 | D:4      | Killed Eustachio
  1741 | D:4      | Reached skill level 4 in Long Blades
  1741 | D:4      | Reached skill level 1 in Armour
  1741 | D:4      | Reached skill level 2 in Invocations
  1821 | D:4      | Reached skill level 1 in Air Magic
  1900 | D:4      | Received a gift from Nemelex Xobeh
  1926 | D:4      | Learned a level 3 spell: Hailstorm
  2468 | D:5      | Entered Level 5 of the Dungeon
  2483 | D:5      | Reached ** piety under Nemelex Xobeh
  2617 | D:5      | Gained mutation: You have a tail ending in a sharp stinger.
                  | [demonic ancestry]
  2617 | D:5      | Reached XP level 7. HP: 43/50 MP: 11/11
  2629 | D:5      | Received a gift from Nemelex Xobeh
  2764 | D:5      | Reached skill level 1 in Ice Magic
  2772 | D:5      | Reached skill level 2 in Armour
  2779 | D:5      | Reached skill level 3 in Invocations
  2779 | D:5      | Noticed Duvessa
  2863 | D:5      | Killed Duvessa
  2864 | D:5      | Reached skill level 3 in Shields
  2864 | D:5      | Reached skill level 2 in Air Magic
  2875 | D:5      | Noticed Dowan
  2881 | D:5      | Killed Dowan
  2911 | D:5      | Identified the +3 hand axe of Symmetry {vorpal, Str+7}
  2935 | D:5      | Noticed Edmund
  3031 | D:5      | HP: 1/46 [Edmund/+2 dire flail of protection (7)]
  3051 | D:4      | Killed Edmund
  3052 | D:4      | Reached skill level 2 in Ice Magic
  3052 | D:4      | Reached skill level 4 in Invocations
  3052 | D:4      | Reached XP level 8. HP: 5/56 MP: 7/12
  3327 | D:5      | Reached skill level 5 in Long Blades
  3334 | D:5      | Reached skill level 4 in Shields
  3407 | D:5      | Reached skill level 5 in Invocations
  3771 | D:5      | Found a staircase to the Ecumenical Temple.
  4018 | D:6      | Reached skill level 6 in Invocations
  4287 | D:6      | Received a gift from Nemelex Xobeh
  4362 | D:6      | Reached skill level 5 in Shields
  4446 | D:6      | Reached XP level 9. HP: 47/61 MP: 11/14
  4602 | D:6      | Learned a level 3 spell: Frozen Ramparts
  4606 | D:6      | Learned a level 3 spell: Swiftness
  4685 | D:7      | Found a sacrificial altar of Ru.
  4699 | D:7      | Reached skill level 6 in Long Blades
  4838 | D:7      | Reached *** piety under Nemelex Xobeh
  4869 | D:7      | Reached skill level 4 in Conjurations
  4909 | D:7      | Noticed Maggie
  4916 | D:7      | Gained mutation: You have large cloven feet. [potion of
                  | mutation]
  4916 | D:7      | Gained mutation: Your muscles are strong. (Str +4, Int/Dex
                  | -1) [potion of mutation]
  4941 | D:7      | Killed Maggie
  4942 | D:7      | Reached skill level 4 in Spellcasting
  4942 | D:7      | Reached skill level 7 in Invocations
  5892 | D:8      | Reached skill level 7 in Long Blades
  5897 | D:8      | Received a gift from Nemelex Xobeh
  5931 | D:8      | Reached skill level 5 in Conjurations
  6067 | D:8      | Reached **** piety under Nemelex Xobeh
  6266 | D:8      | Reached skill level 8 in Invocations
  6312 | D:8      | Reached skill level 5 in Spellcasting
  6582 | D:8      | Gained mutation: You have a sharp stinger which inflicts
                  | weakening toxins. [demonic ancestry]
  6582 | D:8      | Reached XP level 10. HP: 67/67 MP: 2/17
  6690 | D:8      | Found a staircase to the Lair.
  6761 | D:8      | Noticed a two-headed ogre
  6786 | D:8      | Killed a two-headed ogre
  6787 | D:8      | Reached skill level 8 in Long Blades
  7140 | D:9      | Noticed Pikel
  7145 | D:9      | Killed Pikel
  7146 | D:9      | Reached skill level 9 in Invocations
  7253 | D:9      | Received a gift from Nemelex Xobeh
  7280 | D:9      | Reached skill level 9 in Long Blades
  7284 | D:9      | Paralysed by a hornet for 2 turns
  7352 | D:9      | Found a flagged portal.
  7363 | Bailey   | Entered a bailey
  7456 | Bailey   | Reached skill level 10 in Invocations
  7552 | Bailey   | Reached skill level 10 in Long Blades
  7559 | Bailey   | Reached skill level 3 in Armour
  7630 | Bailey   | Noticed Prince Ribbit
  7631 | Bailey   | Noticed a vault guard
  7640 | Bailey   | Killed Prince Ribbit
  7641 | Bailey   | Killed a vault guard
  7642 | Bailey   | Reached skill level 4 in Armour
  7642 | Bailey   | Gained mutation: You are mostly covered in sharp spines.
                  | [demonic ancestry]
  7642 | Bailey   | Reached XP level 11. HP: 55/72 MP: 18/18
  7673 | Bailey   | Noticed a vault guard
  7683 | Bailey   | Killed a vault guard
  7684 | Bailey   | Reached skill level 5 in Armour
  7783 | Bailey   | Reached skill level 3 in Fighting
  8350 | D:10     | Entered Level 10 of the Dungeon
  8363 | D:10     | Noticed a two-headed ogre
  8374 | D:10     | Killed a two-headed ogre
  8375 | D:10     | Reached skill level 4 in Fighting
  8433 | D:10     | Noticed Maurice
  8487 | D:10     | Killed Maurice
  8488 | D:10     | Reached skill level 5 in Fighting
  8858 | D:10     | Received a gift from Nemelex Xobeh
  9253 | D:10     | Reached ***** piety under Nemelex Xobeh
  9349 | D:10     | Found Zuicat's Firing Range.
  9390 | D:10     | Found a runed translucent door.
  9394 | D:10     | Noticed flinch's ghost (novice TeHu)
  9412 | D:10     | Killed flinch's ghost
  9836 | D:11     | Reached skill level 6 in Conjurations
  9856 | D:11     | Received a gift from Nemelex Xobeh
  9977 | D:11     | Reached skill level 11 in Invocations
  9980 | D:11     | Reached skill level 6 in Spellcasting
  9997 | D:11     | You fall into a shaft and drop 2 floors!
 10080 | D:13     | Noticed a deep elf pyromancer
 10094 | D:13     | Killed a deep elf pyromancer
 10096 | D:13     | HP: 5/79 [burnt (5)]
 10505 | D:11     | Found a staircase to the Orcish Mines.
 10670 | D:11     | Received a gift from Nemelex Xobeh
 10973 | D:12     | Reached skill level 3 in Ice Magic
 11247 | D:12     | Received a gift from Nemelex Xobeh
 11578 | D:12     | Learned a level 4 spell: Manifold Assault
 11583 | D:12     | Learned a level 4 spell: Sticky Flame
 11709 | D:12     | Reached XP level 12. HP: 86/86 MP: 21/21
 12071 | Lair:1   | Entered Level 1 of the Lair of Beasts
 12249 | Lair:1   | Received a gift from Nemelex Xobeh
 12781 | Lair:2   | Reached skill level 7 in Conjurations
 12785 | Lair:2   | Reached skill level 1 in Fire Magic
 12916 | Lair:2   | Found a hole to the Spider Nest.
 12980 | Lair:2   | Identified the +6 chain mail of Tewnimp {+Inv Slay+3
                  | Stlth-}
 13011 | Lair:2   | Noticed a six-headed hydra
 13025 | Lair:2   | Killed a three-headed hydra
 13206 | Lair:2   | Reached skill level 4 in Ice Magic
 13206 | Lair:2   | Reached skill level 12 in Invocations
 13225 | Lair:2   | Reached skill level 3 in Translocations
 13227 | Lair:2   | Noticed a four-headed hydra
 13237 | Lair:2   | Killed a one-headed hydra
 13238 | Lair:2   | Reached skill level 7 in Spellcasting
 13238 | Lair:2   | Reached skill level 2 in Fire Magic
 13530 | Lair:2   | Received a gift from Nemelex Xobeh
 13903 | Lair:2   | Reached ****** piety under Nemelex Xobeh
 13909 | Lair:2   | Noticed a six-headed hydra
 13918 | Lair:2   | Killed a four-headed hydra
 14055 | Lair:2   | Reached skill level 6 in Fighting
 14288 | Lair:2   | Found a staircase to the Swamp.
 14353 | Lair:3   | Noticed a six-headed hydra
 14360 | Lair:3   | Killed a three-headed hydra
 14361 | Lair:3   | Reached skill level 4 in Translocations
 14470 | Lair:3   | Reached skill level 8 in Conjurations
 14567 | Lair:3   | Reached skill level 6 in Armour
 14972 | Lair:3   | Reached skill level 8 in Spellcasting
 14972 | Lair:3   | Gained mutation: Your movements are less encumbered by
                  | armour. (ER -4) [demonic ancestry]
 14972 | Lair:3   | Reached XP level 13. HP: 82/95 MP: 10/25
 15325 | Lair:3   | Reached skill level 7 in Fighting
 15603 | Lair:4   | Reached skill level 7 in Armour
 15937 | Lair:4   | Received a gift from Nemelex Xobeh
 15964 | Lair:4   | Reached skill level 8 in Fighting
 16121 | Lair:4   | Noticed Rupert
 16128 | Lair:4   | HP: 3/87 [Rupert/+4 great mace of draining (24)]
 16128 | Lair:4   | Slain by Rupert

Illustrated notes

Levels and vault maps discovered:
D:1:      wander_arrival_peaceful_grave, layout_rooms, dreamdust_princess_bridge
D:2:      layout_loops_ring, basic_altar, hellmonk_ecumenical_altar_crossroads,
          uniq_sigmund
D:3:      layout_rooms
D:4:      layout_basic, uniq_eustachio
D:5:      layout_basic, minmay_temple_entry_proselytizer, uniq_edmund,
          uniq_duvessa
D:6:      layout_cave_pools
D:7:      layout_loops_corners, kennysheep_little_box, uniq_maggie
D:8:      layout_loops_ring, due_lair_maze_entry_diamond, serial_rivers,
          chequers_serial_rivers_micro_c, chequers_serial_rivers_micro_a,
          chequers_serial_rivers_micro_e, chequers_serial_rivers_room_a,
          st_stairs_4, skrybe_limestone_x
D:9:      layout_roguey, enter_bailey_4, uniq_pikel
D:10:     layout_irregular_city, ebering_ghost_reflecting_pool,
          chequers_serial_rivers_room_a, nicolae_shop_firing_range, uniq_maurice
D:11:     layout_long_grid, orc_0_dummy, chequers_arboretum
D:12:     layout_basic
D:13:     layout_grid_maze, david_vaults_4, gauntlet_entry_generic
Lair:1:   layout_small_grid, nicolae_quartered_pool_super, serial_bayou_shore_a
Lair:2:   layout_regular_city, palyth_hydra_swamp_entry, dummy_spider_entry,
          chequers_serial_rivers_large_a, grunt_megastairs_4
Lair:3:   layout_roguey, eino_house_with_fridge
Lair:4:   layout_regular_city, slime_entry_1, uniq_nessos, uniq_rupert,
          uniq_sonja

Skill      XL: |  1  2  3  4  5  6  7  8  9 10 11 12 13 |
---------------+----------------------------------------+-----
Dodging        | 2 |  2.0
Long Blades    | 3 4 5 7 10 | 10.0
Necromancy     | 1 2 |  2.0
Shields        | 1 2 3 5 |  5.0
Translocations | 1 2 4 |  4.0
Spellcasting   | 3 5 6 8 |  8.0
Invocations    | 1 2 4 6 8 10 11 12 | 12.0
Armour         | 1 2 4 5 6 7 |  7.7
Air Magic      | 1 2 |  2.0
Ice Magic      | 2 3 4 |  4.0
Conjurations   | 5 6 8 |  8.0
Fighting       | 5 6 8 |  8.2
Fire Magic     | 2 |  2.0

Action                   |  1- 3 |  4- 6 |  7- 9 | 10-12 | 13-15 || total
-------------------------+-------+-------+-------+-------+-------++-------
Melee: Falchion          |    70 |       |       |       |       ||    70
       Tailslap          |     5 |     3 |    35 |    67 |    14 ||   124
       Scimitar          |       |    77 |   252 |   399 |    82 ||   810
Throw: Dart              |       |       |    19 |    20 |       ||    39
 Cast: Kiss of Death     |     2 |     1 |     4 |       |       ||     7
       Momentum Strike   |       |     1 |    14 |    17 |     1 ||    33
       Hailstorm         |       |       |     9 |    33 |     6 ||    48
       Shock             |       |       |    67 |    67 |     7 ||   141
       Frozen Ramparts   |       |       |    15 |    45 |     7 ||    67
       Swiftness         |       |       |     1 |     1 |       ||     2
       Manifold Assault  |       |       |       |    15 |     4 ||    19
       Sticky Flame      |       |       |       |    11 |     7 ||    18
Invok: Draw Summoning    |       |       |     1 |     1 |       ||     2
       Draw Escape       |       |       |     1 |       |       ||     1
       Draw Destruction  |       |       |     3 |    24 |     7 ||    34
Evoke: Wand              |       |       |     1 |     1 |       ||     2
  Use: Potion            |     2 |       |     6 |     2 |       ||    10
       Scroll            |       |       |       |    21 |     1 ||    22
 Stab: Paralysed         |       |       |    29 |    46 |    12 ||    87
       Invisible         |       |       |     1 |     3 |       ||     4
       Sleeping          |       |       |     1 |       |       ||     1
       Distracted        |       |       |       |     1 |       ||     1
Armor: Leather armour    |     6 |     8 |    81 |   114 |    23 ||   232
       Ring mail         |     9 |    20 |       |       |       ||    29
Dodge: Dodged            |    44 |    44 |   115 |   182 |    34 ||   419
Block: Buckler           |     5 |    19 |    55 |   110 |    22 ||   211

Table legend: (Time is in decaauts)
 A = Elapsed time spent in this place.
 B = Non-inter-level travel time spent in this place.
 C = Inter-level travel time spent in this place.
 D = Time resting spent in this place.
 E = Time spent auto-exploring this place.
 F = Levels seen in this place.
 G = Mean time per level.
                   A        B        C        D        E       F      G
               +--------+--------+--------+--------+--------+-----+--------+
         Total |  16182 |  15691 |    491 |   4264 |   3532 |  18 |  899.0 |
       Dungeon |  11602 |  11178 |    424 |   2632 |   2554 |  13 |  892.5 |
          Lair |   4071 |   4005 |     66 |   1409 |    912 |   4 | 1017.8 |
        Bailey |    508 |    508 |      0 |    223 |     66 |   1 |  508.0 |
               +--------+--------+--------+--------+--------+-----+--------+

Top non-repeatable levels by time:
  Lair:2: 1582 daAuts
    D:10: 1432 daAuts
     D:8: 1423 daAuts
  Lair:3: 1227 daAuts
     D:4: 1181 daAuts
     D:5: 1155 daAuts
     D:7: 1127 daAuts
    D:12: 1074 daAuts
    D:11: 810 daAuts
     D:9: 727 daAuts
  Lair:1: 724 daAuts
     D:6: 701 daAuts
     D:2: 690 daAuts
  Lair:4: 536 daAuts
     D:1: 528 daAuts
